Montreal Canadiens vs St.Louis Blues
Created - Thursday, February 19, 2026 at 09:26
Goals
|
| Montreal Canadiens |
0 |
0 |
1 |
1 |
| St.Louis Blues |
1 |
1 |
1 |
3 |
|
Shots
|
| Montreal Canadiens |
8 |
12 |
5 |
25 |
| St.Louis Blues |
10 |
11 |
5 |
26 |
|
1st period
1. St.Louis Blues , Nikita Kucherov 15 (Jaccob Slavin 4) at 12:37
Penalties :
Brad Marchand (MTL) for Hooking (Minor) at 1:07
2nd period
2. St.Louis Blues , Jake Guentzel 5 (Jaccob Slavin 5, Brayden Point 14) at 15:30
Penalties :
Will Cranley (STL) for Slashing (Minor) at 0:52 - Nikita Kucherov served the penalty, Mikhail Sergachev (STL) for Hooking (Minor) at 5:26, Brad Marchand (MTL) for High sticking (Minor) at 15:37
3rd period
3. Montreal Canadiens , Justin Hryckowian 3 (Lane Hutson 9) at 8:22
4. St.Louis Blues , Jake Guentzel 6 (Brayden Point 15, Jake Sanderson 12) at 11:34
Penalties :
Josh Manson (MTL) for Hooking (Minor) at 3:09, Mikhail Sergachev (STL) for Hooking (Minor) at 14:11
Goalie Stats
Stuart Skinner (MTL), 23 saves from 26 shots - (0.885), L, 4-10-1, 60:00 minutes
Will Cranley (STL), 24 saves from 25 shots - (0.960), W, 3-1-1, 60:00 minutes
Players Stats for Montreal Canadiens
Player Name G A P +/- PIM S H SB GA TA FO MP PP MP PK MP
------------------------------------------------------------------------------------
Arttu Hyry 0 0 0 1 0 2 1 0 0 0 0/0 10:07 0:00 0:00
Brad Marchand 0 0 0 0 4 0 2 0 1 0 0/0 18:02 3:01 1:01
Brady Skjei 0 0 0 -2 0 1 1 2 0 0 0/0 25:06 3:05 2:53
Damon Severson 0 0 0 -2 0 0 0 1 0 0 0/0 20:29 2:52 2:49
Drew O'Connor 0 0 0 1 0 0 1 0 1 0 0/1 12:55 0:00 2:48
Evgeni Dadonov 0 0 0 -1 0 0 0 0 2 0 0/1 12:47 0:00 0:52
Ilya Lyubushkin 0 0 0 -1 0 1 1 0 0 0 0/0 14:21 0:00 0:25
Josh Manson 0 0 0 1 2 0 2 0 0 1 0/0 16:26 0:00 1:51
Juraj Slafkovsky 0 0 0 0 0 2 3 0 1 0 0/2 16:09 2:56 0:00
Justin Hryckowian 1 0 1 1 0 2 0 0 0 1 0/2 10:07 0:00 0:00
Lane Hutson 0 1 1 1 0 0 0 0 1 0 0/0 18:35 3:05 0:15
Macklin Celebrini 0 0 0 -2 0 3 2 0 0 0 7/14 17:50 3:01 1:36
Martin Necas 0 0 0 -2 0 2 2 1 1 0 1/4 15:40 2:56 0:00
Matt Duchene 0 0 0 0 0 0 0 0 0 0 6/11 15:58 3:01 0:00
Owen Power 0 0 0 -1 0 5 1 2 0 0 0/0 25:16 2:52 3:41
Patrik Laine 0 0 0 -1 0 5 0 0 0 0 0/0 11:16 0:00 0:00
Ryan Poehling 0 0 0 -2 0 2 2 0 0 0 0/3 18:52 2:56 2:49
Teddy Blueger 0 0 0 -1 0 0 0 0 0 0 1/4 14:04 0:00 2:48
Players Stats for St.Louis Blues
Player Name G A P +/- PIM S H SB GA TA FO MP PP MP PK MP
------------------------------------------------------------------------------------
Adam Pelech 0 0 0 0 0 0 2 0 0 1 0/0 11:21 0:00 0:00
Alex Tuch 0 0 0 0 0 1 1 1 0 2 0/0 13:34 2:14 0:00
Artem Zub 0 0 0 0 0 0 1 3 1 0 0/0 14:16 0:24 2:53
Brandon Hagel 0 0 0 0 0 5 1 0 0 0 0/1 13:11 2:48 0:00
Brandon Tanev 0 0 0 0 0 1 1 1 0 0 0/0 10:16 0:00 2:53
Brayden Point 0 2 2 2 0 2 0 3 0 0 3/8 16:54 3:43 0:00
Colton Parayko 0 0 0 0 0 2 2 1 0 0 0/0 23:09 0:27 3:04
Isac Lundestrom 0 0 0 0 0 0 0 0 0 0 0/1 12:37 2:48 3:03
Jaccob Slavin 0 2 2 2 0 0 0 1 0 1 0/0 19:11 0:00 2:53
Jack Eichel 0 0 0 0 0 0 1 0 1 0 0/2 20:08 3:09 0:00
Jake Guentzel 2 0 2 2 0 3 3 0 0 1 3/3 16:32 3:09 0:01
Jake Sanderson 0 1 1 0 0 2 1 1 0 1 0/0 26:28 3:43 3:04
Logan O'Connor 0 0 0 0 0 0 1 1 0 0 1/1 10:04 0:00 3:03
Mark Stone 0 0 0 2 0 1 1 0 0 0 0/0 13:40 0:00 0:00
Mikhail Sergachev 0 0 0 2 4 0 0 0 0 1 0/0 19:09 1:23 0:00
Nikita Kucherov 1 0 1 0 0 5 1 0 0 0 0/1 20:15 3:09 0:01
Robert Thomas 0 0 0 0 0 4 1 1 0 0 9/13 17:09 0:00 0:00
Vincent Trocheck 0 0 0 0 0 0 0 0 0 0 11/12 16:07 2:48 2:53
3 Stars
1 - Jake Guentzel (STL)
2 - Brayden Point (STL)
3 - Jaccob Slavin (STL)
Power Play
Montreal Canadiens - 0 on 3 Attempt(s) - 0.00%
St.Louis Blues - 0 on 3 Attempt(s) - 0.00%
Penalty Kill
Montreal Canadiens - 3 on 3 Attempt(s) - 100.00%
- Score 0 goal in Penalty Kill
St.Louis Blues - 3 on 3 Attempt(s) - 100.00%
- Score 0 goal in Penalty Kill
Team Stat
Montreal Canadiens - Hits : 18 - Faceoff Wins : 15 - Blocked Shots : 6 - Penalty Minutes : 6
St.Louis Blues - Hits : 17 - Faceoff Wins : 27 - Blocked Shots : 13 - Penalty Minutes : 6
Official
Referees : Brandon Schrader and Jordan Samuels
Linesman : Kiel Murchison and Ryan Daisy
Game Notes
No Game Note
Finance
Level 1 -- Attendance: 5693 (94.88%) -- Ticket Income $540,835
Level 2 -- Attendance: 3948 (78.96%) -- Ticket Income $225,036
Level 3 -- Attendance: 2713 (90.43%) -- Ticket Income $89,529
Level 4 -- Attendance: 4824 (96.48%) -- Ticket Income $110,952
Luxury Box -- Attendance: 781 (78.10%) -- Ticket Income $151,514
Game was played at the Scottrade Center.
Total Attendance: 17959 (89.80%)
Total Ticket Income: $1,117,866
Other Income: $391,253
Total Income: $1,509,119
Montreal Canadiens
5 vs 5 Forward
Center Left Wing Right Wing Time % Phy DF OF
1 Macklin Celebrini Ryan Poehling Martin Necas 30 0 1 4
2 Matt Duchene Brad Marchand Juraj Slafkovsky 30 0 1 4
3 Teddy Blueger Patrik Laine Evgeni Dadonov 25 0 2 3
4 Justin Hryckowian Drew O'Connor Arttu Hyry 15 0 4 1
5 vs 5 Defense
Defense Defense Time % Phy DF OF
1 Josh Manson Lane Hutson 30 1 2 2
2 Brady Skjei Damon Severson 30 1 2 2
3 Ilya Lyubushkin Owen Power 25 1 3 1
4 Brady Skjei Owen Power 15 1 3 1
PowerPlay Forward
Center Left Wing Right Wing Time % Phy DF OF
1 Macklin Celebrini Matt Duchene Brad Marchand 50 0 0 5
2 Martin Necas Ryan Poehling Juraj Slafkovsky 50 0 0 5
PowerPlay Defense
Defense Defense Time % Phy DF OF
1 Brady Skjei Lane Hutson 50 0 0 5
2 Owen Power Damon Severson 50 0 0 5
Penalty Kill 4 Players Forward
Center Wing Time % Phy DF OF
1 Ryan Poehling Brad Marchand 50 0 5 0
2 Teddy Blueger Drew O'Connor 50 0 5 0
Penalty Kill 4 Players Defense
Defense Defense Time % Phy DF OF
1 Josh Manson Brady Skjei 50 0 5 0
2 Owen Power Damon Severson 50 0 5 0
Penalty Kill - 3 Players Forward
Forward Time % Phy DF OF
1 Teddy Blueger 50 0 5 0
2 Ryan Poehling 50 0 5 0
Penalty Kill - 3 Players Defense
Defense Defense Time % Phy DF OF
1 Josh Manson Brady Skjei 50 0 5 0
2 Owen Power Damon Severson 50 0 5 0
4 vs 4 Forward
Center Wing Time % Phy DF OF
1 Macklin Celebrini Martin Necas 50 1 2 2
2 Matt Duchene Brad Marchand 50 1 2 2
4 vs 4 Defense
Defense Defense Time % Phy DF OF
1 Lane Hutson Owen Power 50 1 2 2
2 Brady Skjei Damon Severson 50 1 2 2
Last Minutes Offensive
Center Left Wing Right Wing Defense Defense
Macklin Celebrini Matt Duchene Brad Marchand Lane Hutson Owen Power
Last Minutes Defensive
Center Left Wing Right Wing Defense Defense
Teddy Blueger Ryan Poehling Drew O'Connor Brady Skjei Owen Power
Goaltenders
Starting : Stuart Skinner
Backup : Lukas Dostal
Extra Forwards
Normal : Macklin Celebrini, Brad Marchand, Ryan Poehling - PP : Macklin Celebrini, Brad Marchand - PK : Macklin Celebrini
Extra Defensemen
Normal : Brady Skjei, Owen Power, Damon Severson - PP : Lane Hutson - PK : Brady Skjei, Owen Power
Penalty Shots
Brad Marchand, Teddy Blueger, Ryan Poehling, Macklin Celebrini, Arttu Hyry
Scratches
Adam Fox (Healthy), Pyotr Kochetkov (Healthy)
St.Louis Blues
5 vs 5 Forward
Center Left Wing Right Wing Time % Phy DF OF
1 Robert Thomas Jack Eichel Nikita Kucherov 40 0 2 3
2 Brayden Point Jake Guentzel Mark Stone 30 0 2 3
3 Vincent Trocheck Brandon Hagel Alex Tuch 25 1 2 2
4 Isac Lundestrom Brandon Tanev Logan O'Connor 5 1 3 1
5 vs 5 Defense
Defense Defense Time % Phy DF OF
1 Jake Sanderson Colton Parayko 45 0 3 2
2 Mikhail Sergachev Jaccob Slavin 35 0 3 2
3 Artem Zub Adam Pelech 20 1 2 2
4 Jake Sanderson Colton Parayko 0 0 3 2
PowerPlay Forward
Center Left Wing Right Wing Time % Phy DF OF
1 Jake Guentzel Jack Eichel Nikita Kucherov 60 0 0 5
2 Vincent Trocheck Brandon Hagel Isac Lundestrom 40 0 0 5
PowerPlay Defense
Defense Defense Time % Phy DF OF
1 Brayden Point Jake Sanderson 60 0 0 5
2 Alex Tuch Mikhail Sergachev 40 0 0 5
Penalty Kill 4 Players Forward
Center Wing Time % Phy DF OF
1 Vincent Trocheck Brandon Tanev 50 0 5 0
2 Isac Lundestrom Logan O'Connor 50 0 5 0
Penalty Kill 4 Players Defense
Defense Defense Time % Phy DF OF
1 Colton Parayko Jake Sanderson 50 1 4 0
2 Jaccob Slavin Artem Zub 50 1 4 0
Penalty Kill - 3 Players Forward
Forward Time % Phy DF OF
1 Vincent Trocheck 50 0 5 0
2 Isac Lundestrom 50 0 5 0
Penalty Kill - 3 Players Defense
Defense Defense Time % Phy DF OF
1 Colton Parayko Mikhail Sergachev 50 0 5 0
2 Jaccob Slavin Artem Zub 50 0 5 0
4 vs 4 Forward
Center Wing Time % Phy DF OF
1 Jack Eichel Nikita Kucherov 50 0 2 3
2 Vincent Trocheck Brayden Point 50 0 2 3
4 vs 4 Defense
Defense Defense Time % Phy DF OF
1 Jake Sanderson Jaccob Slavin 50 0 3 2
2 Mikhail Sergachev Colton Parayko 50 0 3 2
Last Minutes Offensive
Center Left Wing Right Wing Defense Defense
Robert Thomas Jack Eichel Nikita Kucherov Brayden Point Jake Sanderson
Last Minutes Defensive
Center Left Wing Right Wing Defense Defense
Vincent Trocheck Isac Lundestrom Brandon Tanev Jaccob Slavin Colton Parayko
Goaltenders
Starting : Will Cranley
Backup : Connor Hellebuyck
Extra Forwards
Normal : Jake Guentzel, Alex Tuch, Mark Stone - PP : Nikita Kucherov, Mark Stone - PK : Nikita Kucherov
Extra Defensemen
Normal : Mikhail Sergachev, Jaccob Slavin, Artem Zub - PP : Colton Parayko - PK : Artem Zub, Mikhail Sergachev
Penalty Shots
Alex Tuch, Brayden Point, Jake Guentzel, Jack Eichel, Nikita Kucherov
Scratches
Matthew Seminoff (Healthy), Connor Clifton (Healthy), Joona Koppanen (Healthy), Scott Wedgewood (Healthy)
% Time on Ice - Montreal Canadiens
Lines # - Real PCT - Wanted PCT - Time Play
Normal Forward
1 - 28% - 30% - 13:40
2 - 27% - 30% - 13:03
3 - 23% - 25% - 11:16
4 - 21% - 15% - 10:07
Normal Defense
1 - 32% - 30% - 15:11
2 - 31% - 30% - 14:41
3 - 27% - 25% - 12:48
4 - 11% - 15% - 5:26
PP Forward
1 - 51% - 50% - 3:01
2 - 49% - 50% - 2:56
PP Defense
1 - 52% - 50% - 3:05
2 - 48% - 50% - 2:52
PK Forward
1 - 53% - 50% - 3:09
2 - 47% - 50% - 2:48
PK Defense
1 - 53% - 50% - 3:08
2 - 47% - 50% - 2:49
PK3 Forward
1 - 0% - 50%
2 - 0% - 50%
PK3 Defense
1 - 0% - 50%
2 - 0% - 50%
44 Forward
1 - 0% - 50%
2 - 0% - 50%
44 Defense
1 - 0% - 50%
2 - 0% - 50%
Last Minute Offensive - 0:00
Last Minute Defensive - 0:00
Total
Forward - 60:00
Defense - 60:00
|
% Time on Ice - St.Louis Blues
Lines # - Real PCT - Wanted PCT - Time Play
Normal Forward
1 - 37% - 40% - 17:44
2 - 27% - 30% - 13:05
3 - 21% - 25% - 10:17
4 - 15% - 5% - 7:00
Normal Defense
1 - 41% - 45% - 19:41
2 - 36% - 35% - 17:10
3 - 23% - 20% - 11:15
4 - 0% - 0% - 0:00
PP Forward
1 - 53% - 60% - 3:09
2 - 47% - 40% - 2:48
PP Defense
1 - 62% - 60% - 3:43
2 - 38% - 40% - 2:14
PK Forward
1 - 49% - 50% - 2:54
2 - 51% - 50% - 3:03
PK Defense
1 - 52% - 50% - 3:04
2 - 48% - 50% - 2:53
PK3 Forward
1 - 0% - 50%
2 - 0% - 50%
PK3 Defense
1 - 0% - 50%
2 - 0% - 50%
44 Forward
1 - 0% - 50%
2 - 0% - 50%
44 Defense
1 - 0% - 50%
2 - 0% - 50%
Last Minute Offensive - 0:00
Last Minute Defensive - 0:00
Total
Forward - 60:00
Defense - 60:00
|
Play-by-Play
1st period
0:01 of 1st period - Macklin Celebrini wins face-off versus Robert Thomas in neutral zone.
0:08 of 1st period - Ryan Poehling is hit by Jake Sanderson and loses puck.
1:07 of 1st period - Minor Penalty to Brad Marchand for Hooking.
1:08 of 1st period - Jake Guentzel wins face-off versus Ryan Poehling in Montreal Canadiens zone.
1:40 of 1st period - Snap shot by Vincent Trocheck.
1:40 of 1st period - Shot Misses the Net.
3:07 of 1st period - Penalty to Brad Marchand is over, Brad Marchand is back on ice.
3:24 of 1st period - Brad Marchand is hit by Logan O'Connor and loses puck.
4:23 of 1st period - Mikhail Sergachev is hit by Drew O'Connor and loses puck.
7:01 of 1st period - Snap shot by Alex Tuch.
7:01 of 1st period - Stopped by Stuart Skinner with a rebound.
7:38 of 1st period - Wrist shot by Martin Necas.
7:38 of 1st period - Stopped by Will Cranley with a rebound.
7:47 of 1st period - Off-side.
7:48 of 1st period - Logan O'Connor wins face-off versus Drew O'Connor in neutral zone.
7:57 of 1st period - Wrist shot by Arttu Hyry.
7:57 of 1st period - Stopped by Will Cranley with a rebound.
7:59 of 1st period - Slapshot by Drew O'Connor.
7:59 of 1st period - Deflect By Arttu Hyry.
7:59 of 1st period - Shot Blocked by Brandon Tanev.
7:59 of 1st period - Puck is out of play.
8:00 of 1st period - Macklin Celebrini wins face-off versus Robert Thomas in St.Louis Blues zone.
8:28 of 1st period - Snap shot by Brayden Point.
8:28 of 1st period - Shot Misses the Net.
8:34 of 1st period - Snap shot by Mark Stone.
8:34 of 1st period - Stopped by Stuart Skinner with a rebound.
8:36 of 1st period - Slapshot by Jake Sanderson.
8:36 of 1st period - Stopped by Stuart Skinner with a rebound.
8:54 of 1st period - Snap shot by Juraj Slafkovsky.
8:54 of 1st period - Stopped by Will Cranley without a rebound.
8:55 of 1st period - Robert Thomas wins face-off versus Matt Duchene in St.Louis Blues zone.
9:04 of 1st period - Wrist shot by Nikita Kucherov.
9:04 of 1st period - Stopped by Stuart Skinner with a rebound.
9:06 of 1st period - Slapshot by Robert Thomas.
9:06 of 1st period - Shot Misses the Net.
9:08 of 1st period - Wrist shot by Nikita Kucherov.
9:08 of 1st period - Stopped by Stuart Skinner with a rebound.
9:10 of 1st period - Snap shot by Jack Eichel.
9:10 of 1st period - Shot Misses the Net.
9:12 of 1st period - Snap shot by Nikita Kucherov.
9:12 of 1st period - Shot Misses the Net.
9:22 of 1st period - Jake Guentzel is hit by Josh Manson and loses puck.
9:31 of 1st period - Slapshot by Macklin Celebrini.
9:31 of 1st period - Shot Misses the Net.
9:33 of 1st period - Snap shot by Brady Skjei.
9:33 of 1st period - Shot Misses the Net.
9:35 of 1st period - Backhand shot by Brady Skjei.
9:35 of 1st period - Stopped by Will Cranley with a rebound.
10:13 of 1st period - Wrist shot by Drew O'Connor.
10:13 of 1st period - Shot Misses the Net.
10:19 of 1st period - Snap shot by Drew O'Connor.
10:19 of 1st period - Shot Blocked by Robert Thomas.
10:50 of 1st period - Adam Pelech is hit by Macklin Celebrini and loses puck.
10:57 of 1st period - Brandon Tanev is hit by Martin Necas and loses puck.
11:18 of 1st period - Justin Hryckowian is hit by Alex Tuch and loses puck.
11:32 of 1st period - Patrik Laine is hit by Adam Pelech and loses puck.
11:56 of 1st period - Wrist shot by Patrik Laine.
11:56 of 1st period - Stopped by Will Cranley with a rebound.
12:35 of 1st period - Wrist shot by Nikita Kucherov.
12:35 of 1st period - Stopped by Stuart Skinner with a rebound.
12:37 of 1st period - Wrist shot by Nikita Kucherov.
12:37 of 1st period - Goal by Nikita Kucherov - Montreal Canadiens : 0 - St.Louis Blues : 1.
12:38 of 1st period - Matt Duchene wins face-off versus Robert Thomas in neutral zone.
12:44 of 1st period - Off-side.
12:45 of 1st period - Matt Duchene wins face-off versus Robert Thomas in neutral zone.
13:14 of 1st period - Snap shot by Robert Thomas.
13:14 of 1st period - Stopped by Stuart Skinner with a rebound.
13:16 of 1st period - Slapshot by Jake Sanderson.
13:16 of 1st period - Shot Misses the Net.
13:18 of 1st period - Snap shot by Jake Sanderson.
13:18 of 1st period - Shot Hit the Post.
13:20 of 1st period - Wrist shot by Colton Parayko.
13:20 of 1st period - Stopped by Stuart Skinner with a rebound.
13:39 of 1st period - Snap shot by Colton Parayko.
13:39 of 1st period - Shot Blocked by Brady Skjei.
13:41 of 1st period - Slapshot by Colton Parayko.
13:41 of 1st period - Shot Blocked by Owen Power.
14:06 of 1st period - Off-side.
14:07 of 1st period - Brayden Point wins face-off versus Macklin Celebrini in neutral zone.
14:12 of 1st period - Wrist shot by Jake Guentzel.
14:12 of 1st period - Stopped by Stuart Skinner with a rebound.
15:04 of 1st period - Snap shot by Brandon Tanev.
15:04 of 1st period - Shot Misses the Net.
15:50 of 1st period - Macklin Celebrini is hit by Mark Stone and loses puck.
16:11 of 1st period - Wrist shot by Patrik Laine.
16:11 of 1st period - Stopped by Will Cranley with a rebound.
16:23 of 1st period - Wrist shot by Patrik Laine.
16:23 of 1st period - Shot Blocked by Brayden Point.
16:33 of 1st period - Jack Eichel is hit by Juraj Slafkovsky and loses puck.
17:15 of 1st period - Drew O'Connor is hit by Robert Thomas and loses puck.
17:44 of 1st period - Teddy Blueger is hit by Jake Guentzel and loses puck.
18:01 of 1st period - Brady Skjei is hit by Adam Pelech and loses puck.
18:47 of 1st period - Isac Lundestrom is hit by Josh Manson and loses puck.
18:54 of 1st period - Wrist shot by Drew O'Connor.
18:54 of 1st period - Shot Hit the Post.
18:56 of 1st period - Snap shot by Arttu Hyry.
18:56 of 1st period - Shot Misses the Net.
18:58 of 1st period - Wrist shot by Ilya Lyubushkin.
18:58 of 1st period - Stopped by Will Cranley with a rebound.
19:00 of 1st period - Snap shot by Drew O'Connor.
19:00 of 1st period - Shot Blocked by Jaccob Slavin.
19:10 of 1st period - Wrist shot by Arttu Hyry.
19:10 of 1st period - Stopped by Will Cranley without a rebound.
19:11 of 1st period - Robert Thomas wins face-off versus Macklin Celebrini in St.Louis Blues zone.
Goals for this period are 0 for Montreal Canadiens vs 1 for St.Louis Blues.
Shots for this period are 8 for Montreal Canadiens vs 10 for St.Louis Blues.
2nd period
0:01 of 2nd period - Macklin Celebrini wins face-off versus Jack Eichel in neutral zone.
0:12 of 2nd period - Snap shot by Macklin Celebrini.
0:12 of 2nd period - Stopped by Will Cranley with a rebound.
0:14 of 2nd period - Wrist shot by Ryan Poehling.
0:14 of 2nd period - Stopped by Will Cranley without a rebound.
0:15 of 2nd period - Teddy Blueger wins face-off versus Brayden Point in St.Louis Blues zone.
0:52 of 2nd period - Wrist shot by Matt Duchene.
0:52 of 2nd period - Deflect By Juraj Slafkovsky.
0:52 of 2nd period - Stopped by Will Cranley without a rebound.
0:52 of 2nd period - Minor Penalty to Will Cranley for Slashing.
0:53 of 2nd period - Macklin Celebrini wins face-off versus Vincent Trocheck in St.Louis Blues zone.
1:24 of 2nd period - Backhand shot by Brandon Tanev.
1:24 of 2nd period - Stopped by Stuart Skinner without a rebound.
1:25 of 2nd period - Martin Necas wins face-off versus Isac Lundestrom in Montreal Canadiens zone.
1:34 of 2nd period - Slapshot by Ryan Poehling.
1:34 of 2nd period - Stopped by Will Cranley with a rebound.
1:36 of 2nd period - Wrist shot by Martin Necas.
1:36 of 2nd period - Deflect By Juraj Slafkovsky.
1:36 of 2nd period - Shot Misses the Net.
1:36 of 2nd period - Puck is out of play.
1:37 of 2nd period - Vincent Trocheck wins face-off versus Martin Necas in St.Louis Blues zone.
2:08 of 2nd period - Wrist shot by Macklin Celebrini.
2:08 of 2nd period - Stopped by Will Cranley without a rebound.
2:09 of 2nd period - Vincent Trocheck wins face-off versus Macklin Celebrini in St.Louis Blues zone.
2:52 of 2nd period - Penalty to Nikita Kucherov is over, Nikita Kucherov is back on ice.
3:03 of 2nd period - Off-side.
3:04 of 2nd period - Robert Thomas wins face-off versus Evgeni Dadonov in neutral zone.
3:22 of 2nd period - Snap shot by Teddy Blueger.
3:22 of 2nd period - Shot Misses the Net.
3:24 of 2nd period - Slapshot by Owen Power.
3:24 of 2nd period - Stopped by Will Cranley without a rebound.
3:25 of 2nd period - Brayden Point wins face-off versus Martin Necas in St.Louis Blues zone.
3:36 of 2nd period - Wrist shot by Jake Guentzel.
3:36 of 2nd period - Shot Misses the Net.
3:52 of 2nd period - Jack Eichel is hit by Juraj Slafkovsky and loses puck.
4:03 of 2nd period - Snap shot by Brad Marchand.
4:03 of 2nd period - Shot Blocked by Jake Sanderson.
4:35 of 2nd period - Backhand shot by Jake Sanderson.
4:35 of 2nd period - Deflect By Ilya Lyubushkin.
4:35 of 2nd period - Stopped by Stuart Skinner without a rebound.
4:36 of 2nd period - Jake Guentzel wins face-off versus Justin Hryckowian in Montreal Canadiens zone.
4:37 of 2nd period - Wrist shot by Brayden Point.
4:37 of 2nd period - Stopped by Stuart Skinner with a rebound.
5:04 of 2nd period - Slapshot by Justin Hryckowian.
5:04 of 2nd period - Shot Misses the Net.
5:24 of 2nd period - Snap shot by Drew O'Connor.
5:24 of 2nd period - Shot Misses the Net.
5:26 of 2nd period - Minor Penalty to Mikhail Sergachev for Hooking.
5:27 of 2nd period - Vincent Trocheck wins face-off versus Juraj Slafkovsky in St.Louis Blues zone.
5:40 of 2nd period - Snap shot by Martin Necas.
5:40 of 2nd period - Stopped by Will Cranley without a rebound.
5:41 of 2nd period - Vincent Trocheck wins face-off versus Macklin Celebrini in St.Louis Blues zone.
5:50 of 2nd period - Slapshot by Owen Power.
5:50 of 2nd period - Stopped by Will Cranley with a rebound.
5:52 of 2nd period - Snap shot by Matt Duchene.
5:52 of 2nd period - Shot Blocked by Logan O'Connor.
5:54 of 2nd period - Snap shot by Macklin Celebrini.
5:54 of 2nd period - Shot Blocked by Artem Zub.
5:56 of 2nd period - Slapshot by Damon Severson.
5:56 of 2nd period - Shot Misses the Net.
7:26 of 2nd period - Penalty to Mikhail Sergachev is over, Mikhail Sergachev is back on ice.
7:46 of 2nd period - Snap shot by Nikita Kucherov.
7:46 of 2nd period - Stopped by Stuart Skinner with a rebound.
7:56 of 2nd period - Lane Hutson is hit by Colton Parayko and loses puck.
8:07 of 2nd period - Lane Hutson is hit by Jake Guentzel and loses puck.
8:24 of 2nd period - Slapshot by Lane Hutson.
8:24 of 2nd period - Shot Blocked by Alex Tuch.
9:57 of 2nd period - Drew O'Connor is hit by Artem Zub and loses puck.
10:09 of 2nd period - Jack Eichel is hit by Arttu Hyry and loses puck.
11:04 of 2nd period - Snap shot by Robert Thomas.
11:04 of 2nd period - Stopped by Stuart Skinner without a rebound.
11:05 of 2nd period - Vincent Trocheck wins face-off versus Ryan Poehling in Montreal Canadiens zone.
11:12 of 2nd period - Snap shot by Vincent Trocheck.
11:12 of 2nd period - Shot Misses the Net.
11:14 of 2nd period - Wrist shot by Brandon Hagel.
11:14 of 2nd period - Stopped by Stuart Skinner with a rebound.
11:16 of 2nd period - Slapshot by Jake Sanderson.
11:16 of 2nd period - Shot Blocked by Martin Necas.
11:18 of 2nd period - Slapshot by Colton Parayko.
11:18 of 2nd period - Stopped by Stuart Skinner with a rebound.
11:20 of 2nd period - Snap shot by Brandon Hagel.
11:20 of 2nd period - Stopped by Stuart Skinner without a rebound.
11:21 of 2nd period - Matt Duchene wins face-off versus Brayden Point in Montreal Canadiens zone.
11:55 of 2nd period - Slapshot by Brandon Hagel.
11:55 of 2nd period - Shot Blocked by Brady Skjei.
11:57 of 2nd period - Slapshot by Brandon Hagel.
11:57 of 2nd period - Stopped by Stuart Skinner with a rebound.
12:19 of 2nd period - Snap shot by Macklin Celebrini.
12:19 of 2nd period - Shot Misses the Net.
12:21 of 2nd period - Backhand shot by Brady Skjei.
12:21 of 2nd period - Deflect By Martin Necas.
12:21 of 2nd period - Shot Blocked by Artem Zub.
12:21 of 2nd period - Puck is out of play.
12:22 of 2nd period - Matt Duchene wins face-off versus Brayden Point in St.Louis Blues zone.
12:52 of 2nd period - Slapshot by Evgeni Dadonov.
12:52 of 2nd period - Deflect By Patrik Laine.
12:52 of 2nd period - Stopped by Will Cranley with a rebound.
12:54 of 2nd period - Slapshot by Damon Severson.
12:54 of 2nd period - Shot Misses the Net.
12:56 of 2nd period - Snap shot by Patrik Laine.
12:56 of 2nd period - Stopped by Will Cranley without a rebound.
12:57 of 2nd period - Vincent Trocheck wins face-off versus Macklin Celebrini in St.Louis Blues zone.
12:57 of 2nd period - Vincent Trocheck is hit by Martin Necas.
13:02 of 2nd period - Icing by Jake Sanderson.
13:03 of 2nd period - Macklin Celebrini wins face-off versus Brandon Hagel in St.Louis Blues zone.
13:31 of 2nd period - Off-side.
13:32 of 2nd period - Matt Duchene wins face-off versus Brayden Point in neutral zone.
14:11 of 2nd period - Snap shot by Patrik Laine.
14:11 of 2nd period - Stopped by Will Cranley without a rebound.
14:12 of 2nd period - Vincent Trocheck wins face-off versus Macklin Celebrini in St.Louis Blues zone.
14:39 of 2nd period - Jake Sanderson is hit by Brad Marchand and loses puck.
14:48 of 2nd period - Wrist shot by Robert Thomas.
14:48 of 2nd period - Stopped by Stuart Skinner with a rebound.
15:02 of 2nd period - Snap shot by Teddy Blueger.
15:02 of 2nd period - Shot Blocked by Brayden Point.
15:04 of 2nd period - Slapshot by Owen Power.
15:04 of 2nd period - Stopped by Will Cranley without a rebound.
15:05 of 2nd period - Macklin Celebrini wins face-off versus Brayden Point in St.Louis Blues zone.
15:28 of 2nd period - Slapshot by Brayden Point.
15:28 of 2nd period - Shot Misses the Net.
15:30 of 2nd period - Slapshot by Jaccob Slavin.
15:30 of 2nd period - Deflect By Jake Guentzel.
15:30 of 2nd period - Goal by Jake Guentzel - Montreal Canadiens : 0 - St.Louis Blues : 2.
15:31 of 2nd period - Robert Thomas wins face-off versus Matt Duchene in neutral zone.
15:37 of 2nd period - Minor Penalty to Brad Marchand for High sticking.
15:38 of 2nd period - Jake Guentzel wins face-off versus Teddy Blueger in Montreal Canadiens zone.
16:30 of 2nd period - Ryan Poehling is hit by Jake Guentzel and loses puck.
17:09 of 2nd period - Icing by Nikita Kucherov.
17:10 of 2nd period - Macklin Celebrini wins face-off versus Jack Eichel in St.Louis Blues zone.
17:37 of 2nd period - Penalty to Brad Marchand is over, Brad Marchand is back on ice.
18:08 of 2nd period - Jaccob Slavin is hit by Owen Power and loses puck.
18:31 of 2nd period - Snap shot by Brad Marchand.
18:31 of 2nd period - Shot Blocked by Artem Zub.
Goals for this period are 0 for Montreal Canadiens vs 1 for St.Louis Blues.
Shots for this period are 12 for Montreal Canadiens vs 11 for St.Louis Blues.
3rd period
0:01 of 3rd period - Matt Duchene wins face-off versus Nikita Kucherov in neutral zone.
0:12 of 3rd period - Snap shot by Juraj Slafkovsky.
0:12 of 3rd period - Shot Blocked by Colton Parayko.
0:35 of 3rd period - Snap shot by Mikhail Sergachev.
0:35 of 3rd period - Shot Misses the Net.
1:46 of 3rd period - Slapshot by Mikhail Sergachev.
1:46 of 3rd period - Shot Misses the Net.
2:19 of 3rd period - Robert Thomas is hit by Ilya Lyubushkin and loses puck.
3:09 of 3rd period - Minor Penalty to Josh Manson for Hooking.
3:10 of 3rd period - Vincent Trocheck wins face-off versus Teddy Blueger in Montreal Canadiens zone.
4:25 of 3rd period - Alex Tuch is hit by Brady Skjei and loses puck.
4:57 of 3rd period - Icing by Vincent Trocheck.
4:58 of 3rd period - Vincent Trocheck wins face-off versus Ryan Poehling in St.Louis Blues zone.
5:03 of 3rd period - Brad Marchand is hit by Jack Eichel and loses puck.
5:09 of 3rd period - Penalty to Josh Manson is over, Josh Manson is back on ice.
5:52 of 3rd period - Colton Parayko is hit by Juraj Slafkovsky and loses puck.
8:10 of 3rd period - Slapshot by Owen Power.
8:10 of 3rd period - Shot Misses the Net.
8:12 of 3rd period - Snap shot by Evgeni Dadonov.
8:12 of 3rd period - Shot Hit the Post.
8:14 of 3rd period - Slapshot by Owen Power.
8:14 of 3rd period - Stopped by Will Cranley without a rebound.
8:15 of 3rd period - Robert Thomas wins face-off versus Justin Hryckowian in St.Louis Blues zone.
8:22 of 3rd period - Snap shot by Justin Hryckowian.
8:22 of 3rd period - Goal by Justin Hryckowian - Montreal Canadiens : 1 - St.Louis Blues : 2.
8:23 of 3rd period - Robert Thomas wins face-off versus Matt Duchene in neutral zone.
8:26 of 3rd period - Snap shot by Nikita Kucherov.
8:26 of 3rd period - Shot Misses the Net.
8:28 of 3rd period - Wrist shot by Robert Thomas.
8:28 of 3rd period - Shot Blocked by Damon Severson.
8:54 of 3rd period - Slapshot by Martin Necas.
8:54 of 3rd period - Shot Misses the Net.
9:21 of 3rd period - Snap shot by Macklin Celebrini.
9:21 of 3rd period - Shot Misses the Net.
9:49 of 3rd period - Slapshot by Martin Necas.
9:49 of 3rd period - Shot Misses the Net.
10:57 of 3rd period - Snap shot by Justin Hryckowian.
10:57 of 3rd period - Stopped by Will Cranley without a rebound.
10:58 of 3rd period - Robert Thomas wins face-off versus Matt Duchene in St.Louis Blues zone.
11:23 of 3rd period - Owen Power is hit by Colton Parayko and loses puck.
11:30 of 3rd period - Backhand shot by Brayden Point.
11:30 of 3rd period - Stopped by Stuart Skinner with a rebound.
11:32 of 3rd period - Slapshot by Jake Guentzel.
11:32 of 3rd period - Shot Misses the Net.
11:34 of 3rd period - Snap shot by Jake Guentzel.
11:34 of 3rd period - Goal by Jake Guentzel - Montreal Canadiens : 1 - St.Louis Blues : 3.
11:35 of 3rd period - Robert Thomas wins face-off versus Matt Duchene in neutral zone.
11:38 of 3rd period - Snap shot by Jack Eichel.
11:38 of 3rd period - Shot Misses the Net.
12:11 of 3rd period - Snap shot by Martin Necas.
12:11 of 3rd period - Deflect By Macklin Celebrini.
12:11 of 3rd period - Stopped by Will Cranley without a rebound.
12:12 of 3rd period - Vincent Trocheck wins face-off versus Macklin Celebrini in St.Louis Blues zone.
12:12 of 3rd period - Vincent Trocheck is hit by Ryan Poehling.
12:22 of 3rd period - Wrist shot by Brandon Hagel.
12:22 of 3rd period - Stopped by Stuart Skinner without a rebound.
12:23 of 3rd period - Robert Thomas wins face-off versus Juraj Slafkovsky in Montreal Canadiens zone.
12:40 of 3rd period - Snap shot by Jack Eichel.
12:40 of 3rd period - Shot Blocked by Owen Power.
13:43 of 3rd period - Slapshot by Owen Power.
13:43 of 3rd period - Stopped by Will Cranley with a rebound.
14:11 of 3rd period - Minor Penalty to Mikhail Sergachev for Hooking.
14:12 of 3rd period - Vincent Trocheck wins face-off versus Martin Necas in St.Louis Blues zone.
14:39 of 3rd period - Damon Severson is hit by Brandon Tanev and loses puck.
15:32 of 3rd period - Jaccob Slavin is hit by Macklin Celebrini and loses puck.
16:11 of 3rd period - Penalty to Mikhail Sergachev is over, Mikhail Sergachev is back on ice.
16:29 of 3rd period - Snap shot by Robert Thomas.
16:29 of 3rd period - Stopped by Stuart Skinner without a rebound.
16:30 of 3rd period - Brayden Point wins face-off versus Teddy Blueger in Montreal Canadiens zone.
16:57 of 3rd period - Justin Hryckowian is hit by Nikita Kucherov.
17:40 of 3rd period - Jake Guentzel is hit by Ryan Poehling and loses puck.
17:49 of 3rd period - Backhand shot by Martin Necas.
17:49 of 3rd period - Shot Blocked by Brayden Point.
18:25 of 3rd period - Ryan Poehling is hit by Brandon Hagel and loses puck.
18:32 of 3rd period - Wrist shot by Brandon Hagel.
18:32 of 3rd period - Stopped by Stuart Skinner with a rebound.
18:57 of 3rd period - Artem Zub is hit by Brad Marchand and loses puck.
Goals for this period are 1 for Montreal Canadiens vs 1 for St.Louis Blues.
Shots for this period are 5 for Montreal Canadiens vs 5 for St.Louis Blues.
Back to the Top